| TOP OF THE 1ST |
|
Winter Haven Sun Sox batting - Pitching for Dunedin Blue Jays : LHP Keith Pecka
|
|
Pitching: LHP Keith Pecka
|
|
|
Batting: LHB Don Carter
|
0-0: Called Strike 0-1: Ball 1-1: Swinging Strike 1-2: Reached on error, E3 (Groundball, 3, EV 89.4 MPH)
|
|
Batting: RHB William Murray
|
0-0: Called Strike 0-1: Foul Ball, location: 2F 0-2: Foul Ball, location: 2F 0-2: Strikes out swinging
|
|
Batting: RHB Ronald Carapezzi
|
0-0: Called Strike 0-1: Foul Ball, location: 2F 0-2: Ball 1-2: Ball 2-2: Strikes out looking
|
|
Batting: RHB Dave Hoeksema
|
0-0: Ball 1-0: Ball Don Carter steals 2nd base 2-0: Called Strike 2-1: Ball 3-1: Swinging Strike 3-2: Fly out, F8 (Flyball, 8RM, EV 89.4 MPH)
|
| Top of the 1st over - 0 runs, 0 hits, 1 error, 1 left on base; Winter Haven 0 - Dunedin 0 |
| BOTTOM OF THE 1ST |
|
Dunedin Blue Jays batting - Pitching for Winter Haven Sun Sox : RHP Tony Pedroza
|
|
Pitching: RHP Tony Pedroza
|
|
|
Batting: SHB Jeff Doyle
|
0-0: Called Strike 0-1: Ball 1-1: Foul Ball, location: 2F 1-2: Ball 2-2: Ball 3-2: Reached on error, E4 (Groundball, 4MD, EV 85.0 MPH)
|
|
Batting: LHB Jon Jimenez
|
0-0: Ball 1-0: SINGLE (Groundball, 34D, EV 94.4 MPH) Jeff Doyle to second Runner from 2nd tries for 3rd, SAFE, no throw by RF
|
|
Batting: RHB Carlos Ponce
|
0-0: Called Strike 0-1: Foul Ball, location: 2F 0-2: Ball 1-2: DOUBLE (Line Drive, 9LM, EV 96.9 MPH) Jeff Doyle scores Jon Jimenez to third Runner from 3rd tries for Home, SAFE, no throw by RF
|
|
Batting: LHB Monte McAbee
|
0-0: Ball 1-0: DOUBLE (Flyball, 89XD, EV 97.5 MPH) Carlos Ponce scores
|
|
Batting: RHB Dave Meier
|
0-0: Ball 1-0: Foul Ball, location: 2F 1-1: Ground out 5-3 (Groundball, 56, EV 82.5 MPH)
|
|
Batting: RHB Brad Wellman
|
0-0: Ball 1-0: Swinging Strike 1-1: Fly out, F7 (Line Drive, 7, EV 90.6 MPH)
|
|
Batting: SHB Al Pardo
|
0-0: Ball 1-0: Ground out 5-3 (Groundball, 56S, EV 83.1 MPH)
|
| Bottom of the 1st over - 3 runs, 3 hits, 1 error, 1 left on base; Winter Haven 0 - Dunedin 3 |
| TOP OF THE 2ND |
|
Winter Haven Sun Sox batting - Pitching for Dunedin Blue Jays : LHP Keith Pecka
|
|
Batting: RHB Glen Stacheit
|
0-0: Ball 1-0: Called Strike 1-1: Ball 2-1: Called Strike 2-2: Ball 3-2: Base on Balls
|
|
Batting: RHB Takashi Upshur
|
0-0: Called Strike 0-1: Foul Ball, location: 2F 0-2: Ball 1-2: Strikes out looking
|
|
Batting: RHB Stephen Rhodes
|
0-0: Ball 1-0: Swinging Strike 1-1: Ball 2-1: Foul Ball, location: 2F 2-2: Fielders Choice at 2nd, 6-4 (Groundball, 6M, EV 85.6 MPH)
|
|
Batting: LHB John Heller
|
0-0: Ball 1-0: Ball 2-0: Ground out U3 (Groundball, 3, EV 89.4 MPH)
|
| Top of the 2nd over - 0 runs, 0 hits, 0 errors, 1 left on base; Winter Haven 0 - Dunedin 3 |
| BOTTOM OF THE 2ND |
|
Dunedin Blue Jays batting - Pitching for Winter Haven Sun Sox : RHP Tony Pedroza
|
|
Batting: LHB Gregory Burtt
|
0-0: Ball 1-0: Called Strike 1-1: Ball 2-1: Called Strike 2-2: Ground out U3 (Groundball, 34, EV 81.9 MPH)
|
|
Batting: RHB Jerry Aubin
|
0-0: Ball 1-0: Foul Ball, location: 2F 1-1: Ball 2-1: Ground out 6-3 (Groundball, 6, EV 85.6 MPH)
|
|
Batting: SHB Jeff Doyle
|
0-0: Ball 1-0: Ball 2-0: Called Strike 2-1: Ball 3-1: Fly out, F9 (Flyball, 9D, EV 106.3 MPH)
|
| Bottom of the 2nd over - 0 runs, 0 hits, 0 errors, 0 left on base; Winter Haven 0 - Dunedin 3 |
| TOP OF THE 3RD |
|
Winter Haven Sun Sox batting - Pitching for Dunedin Blue Jays : LHP Keith Pecka
|
|
Batting: RHB Robert Holden
|
0-0: Bunt missed! 0-1: Ball 1-1: Ball 2-1: Ball 3-1: Foul Ball, location: 2F 3-2: Base on Balls
|
|
Batting: LHB Don Carter
|
0-0: Ball 1-0: Fielders Choice at 2nd, 3-6 (Groundball, 3S, EV 89.4 MPH)
|
|
Batting: RHB William Murray
|
0-0: Ball Don Carter is caught stealing 2nd base 2-4 1-0: Foul Ball, location: 2F 1-1: Foul Ball, location: 2F 1-2: Foul Ball, location: 2F 1-2: Ball 2-2: Ball 3-2: Ground out 6-3 (Groundball, 6, EV 110.0 MPH)
|
| Top of the 3rd over - 0 runs, 0 hits, 0 errors, 0 left on base; Winter Haven 0 - Dunedin 3 |
| BOTTOM OF THE 3RD |
|
Dunedin Blue Jays batting - Pitching for Winter Haven Sun Sox : RHP Tony Pedroza
|
|
Batting: LHB Jon Jimenez
|
0-0: Ball 1-0: Foul Ball, location: 2F 1-1: Foul Ball, location: 2F 1-2: Ball 2-2: Fly out, F7 (Line Drive, 7, EV 91.9 MPH)
|
|
Batting: RHB Carlos Ponce
|
0-0: Ball 1-0: Ball 2-0: Foul Ball, location: 2F 2-1: Ball 3-1: Foul Ball, location: 2F 3-2: Foul Ball, location: 2F 3-2: Base on Balls
|
|
Batting: LHB Monte McAbee
|
0-0: 2-RUN HOME RUN (Flyball, 7D, EV 93.8 MPH), Distance : 387 ft
|
|
Batting: RHB Dave Meier
|
0-0: Called Strike 0-1: Fly out, F9 (Flyball, 9LS, EV 84.4 MPH)
|
|
Batting: RHB Brad Wellman
|
0-0: Ball 1-0: Ground out 6-3 (Groundball, 6S, EV 66.9 MPH)
|
| Bottom of the 3rd over - 2 runs, 1 hit, 0 errors, 0 left on base; Winter Haven 0 - Dunedin 5 |
| TOP OF THE 4TH |
|
Winter Haven Sun Sox batting - Pitching for Dunedin Blue Jays : LHP Keith Pecka
|
|
Batting: RHB Ronald Carapezzi
|
0-0: Foul Ball, location: 2F 0-1: Ball 1-1: Ball 2-1: Swinging Strike 2-2: Ball 3-2: Foul Ball, location: 2F 3-2: Strikes out swinging
|
|
Batting: RHB Dave Hoeksema
|
0-0: Ball 1-0: Fly out, F6 (Popup, 6S, EV 86.3 MPH)
|
|
Batting: RHB Glen Stacheit
|
0-0: Foul Ball, location: 2F 0-1: Ball 1-1: Foul Ball, location: 2F 1-2: Ball 2-2: Strikes out swinging
|
| Top of the 4th over - 0 runs, 0 hits, 0 errors, 0 left on base; Winter Haven 0 - Dunedin 5 |
| BOTTOM OF THE 4TH |
|
Dunedin Blue Jays batting - Pitching for Winter Haven Sun Sox : RHP Tony Pedroza
|
|
Batting: SHB Al Pardo
|
0-0: Fly out, F8 (Line Drive, 8RM, EV 86.3 MPH)
|
|
Batting: LHB Gregory Burtt
|
0-0: Ball 1-0: Ground out 5-3 (Groundball, 56, EV 108.1 MPH)
|
|
Batting: RHB Jerry Aubin
|
0-0: Ground out 1-3 (Groundball, 13S, EV 74.4 MPH)
|
| Bottom of the 4th over - 0 runs, 0 hits, 0 errors, 0 left on base; Winter Haven 0 - Dunedin 5 |
| TOP OF THE 5TH |
|
Winter Haven Sun Sox batting - Pitching for Dunedin Blue Jays : LHP Keith Pecka
|
|
Batting: RHB Takashi Upshur
|
0-0: Called Strike 0-1: Ground out 5-3 (Groundball, 56, EV 97.5 MPH)
|
|
Batting: RHB Stephen Rhodes
|
0-0: Ball 1-0: Foul Ball, location: 2F 1-1: Fly out, F3 (Popup, 3S, EV 76.9 MPH)
|
|
Batting: LHB John Heller
|
0-0: Called Strike 0-1: Called Strike 0-2: Ball 1-2: Foul Ball, location: 2F 1-2: Ball 2-2: Strikes out swinging
|
| Top of the 5th over - 0 runs, 0 hits, 0 errors, 0 left on base; Winter Haven 0 - Dunedin 5 |
| BOTTOM OF THE 5TH |
|
Dunedin Blue Jays batting - Pitching for Winter Haven Sun Sox : RHP Tony Pedroza
|
|
Batting: SHB Jeff Doyle
|
0-0: Ball 1-0: Ball 2-0: Ball 3-0: Called Strike 3-1: Swinging Strike 3-2: Foul Ball, location: 2F 3-2: Fly out, F6 (Popup, 6S, EV 79.4 MPH)
|
|
Batting: LHB Jon Jimenez
|
0-0: Called Strike 0-1: Ball 1-1: SINGLE (Groundball, 34D, EV 105.0 MPH)
|
|
Pitching: RHP Rafael Camarena
|
|
|
Batting: RHB Carlos Ponce
|
0-0: Called Strike 0-1: Fly out, F7 (Flyball, 78S, EV 90.0 MPH)
|
|
Batting: LHB Monte McAbee
|
0-0: Ball 1-0: Ball 2-0: Ball 3-0: Base on Balls Jon Jimenez to second
|
|
Batting: RHB Dave Meier
|
0-0: Called Strike 0-1: Swinging Strike 0-2: Ball 1-2: Fielders Choice at 2nd, 6-4 (Groundball, 6, EV 100.0 MPH)
|
| Bottom of the 5th over - 0 runs, 1 hit, 0 errors, 2 left on base; Winter Haven 0 - Dunedin 5 |
| TOP OF THE 6TH |
|
Winter Haven Sun Sox batting - Pitching for Dunedin Blue Jays : LHP Keith Pecka
|
|
Batting: RHB Robert Holden
|
0-0: Ball 1-0: Called Strike 1-1: SINGLE (Line Drive, 8LS, EV 100.0 MPH)
|
|
Batting: LHB Don Carter
|
0-0: DOUBLE (Flyball, 78D, EV 100.6 MPH) Robert Holden to third
|
|
Batting: RHB William Murray
|
0-0: Foul Ball, location: 2F 0-1: Ball 1-1: SINGLE (Groundball, 6D, EV 100.6 MPH) Robert Holden scores Don Carter to third
|
|
Batting: RHB Ronald Carapezzi
|
0-0: Ball 1-0: Foul Ball, location: 2F 1-1: Ball 2-1: Foul Ball, location: 2F 2-2: Ball 3-2: Grounds into double play, 4-6-3 (Groundball, 4MD, EV 107.5 MPH) Don Carter scores
|
|
Batting: RHB Dave Hoeksema
|
0-0: Ball 1-0: Fly out, F8 (Flyball, 8RM, EV 89.4 MPH)
|
| Top of the 6th over - 2 runs, 3 hits, 0 errors, 0 left on base; Winter Haven 2 - Dunedin 5 |
| BOTTOM OF THE 6TH |
|
Dunedin Blue Jays batting - Pitching for Winter Haven Sun Sox : RHP Rafael Camarena
|
|
Batting: RHB Brad Wellman
|
0-0: Ball 1-0: Ball 2-0: Called Strike 2-1: Swinging Strike 2-2: Ball 3-2: Ground out 5-3 (Groundball, 56S, EV 83.1 MPH)
|
|
Batting: SHB Al Pardo
|
0-0: Called Strike 0-1: Ball 1-1: Fly out, F7 (Flyball, 7D, EV 107.5 MPH)
|
|
Batting: LHB Gregory Burtt
|
0-0: Ball 1-0: SINGLE (Groundball, 3D, EV 107.5 MPH)
|
|
Batting: RHB Jerry Aubin
|
0-0: Called Strike 0-1: Called Strike 0-2: Ball 1-2: Strikes out looking
|
| Bottom of the 6th over - 0 runs, 1 hit, 0 errors, 1 left on base; Winter Haven 2 - Dunedin 5 |
| TOP OF THE 7TH |
|
Winter Haven Sun Sox batting - Pitching for Dunedin Blue Jays : LHP Keith Pecka
|
|
Batting: RHB Glen Stacheit
|
0-0: Swinging Strike 0-1: Ball 1-1: Ball 2-1: Ground out 6-3 (Groundball, 6, EV 101.3 MPH)
|
|
Batting: RHB Takashi Upshur
|
0-0: Called Strike 0-1: Ball 1-1: Called Strike 1-2: Strikes out looking
|
|
Batting: RHB Stephen Rhodes
|
0-0: Called Strike 0-1: Foul Ball, location: 2F 0-2: Ball 1-2: Ball 2-2: Ball 3-2: Fly out, F8 (Flyball, 8LD, EV 82.5 MPH)
|
| Top of the 7th over - 0 runs, 0 hits, 0 errors, 0 left on base; Winter Haven 2 - Dunedin 5 |
| BOTTOM OF THE 7TH |
|
Dunedin Blue Jays batting - Pitching for Winter Haven Sun Sox : RHP Rafael Camarena
|
|
Batting: SHB Jeff Doyle
|
0-0: Called Strike 0-1: Ball 1-1: Ball 2-1: Fly out, F7 (Flyball, 7D, EV 94.4 MPH)
|
|
Batting: LHB Jon Jimenez
|
0-0: Called Strike 0-1: Swinging Strike 0-2: Ball 1-2: SOLO HOME RUN (Line Drive, 9LD, EV 106.3 MPH), Distance : 368 ft
|
|
Batting: RHB Carlos Ponce
|
0-0: Ground out 5-3 (Groundball, 56S, EV 83.1 MPH)
|
|
Batting: LHB Monte McAbee
|
0-0: Foul Ball, location: 2F 0-1: SINGLE (Popup, 5D, EV 70.0 MPH)
|
|
Batting: RHB Dave Meier
|
0-0: Called Strike 0-1: Swinging Strike 0-2: SINGLE (Line Drive, 4M, EV 98.8 MPH) Monte McAbee to second Runner from 2nd tries for 3rd, SAFE, throw by CF made to third
|
|
Pitching: LHP Daniel Brown
|
|
|
Batting: RHB Brad Wellman
|
0-0: Ball 1-0: Fly out, F9 (Flyball, 9D, EV 86.3 MPH)
|
| Bottom of the 7th over - 1 run, 3 hits, 0 errors, 2 left on base; Winter Haven 2 - Dunedin 6 |
| TOP OF THE 8TH |
|
Winter Haven Sun Sox batting - Pitching for Dunedin Blue Jays : LHP Keith Pecka
|
|
Batting: LHB John Heller
|
0-0: Called Strike 0-1: Ball 1-1: Foul Ball, location: 2F 1-2: Strikes out swinging
|
|
Batting: RHB Robert Holden
|
0-0: Fly out, F3 (Popup, 3F, EV 80.0 MPH)
|
|
Batting: LHB Don Carter
|
0-0: Swinging Strike 0-1: Called Strike 0-2: Reached on error, E6 (Groundball, 6, EV 93.8 MPH)
|
|
Batting: RHB William Murray
|
0-0: Foul Ball, location: 2F 0-1: Fly out, F8 (Flyball, 78D, EV 85.6 MPH)
|
| Top of the 8th over - 0 runs, 0 hits, 1 error, 1 left on base; Winter Haven 2 - Dunedin 6 |
| BOTTOM OF THE 8TH |
|
Dunedin Blue Jays batting - Pitching for Winter Haven Sun Sox : LHP Daniel Brown
|
|
Batting: SHB Al Pardo
|
0-0: Ground out 6-3 (Groundball, 56, EV 94.4 MPH)
|
|
Batting: LHB Gregory Burtt
|
0-0: Ball 1-0: Foul Ball, location: 2F 1-1: Foul Ball, location: 2F 1-2: Fly out, F8 (Line Drive, 8LM, EV 93.8 MPH)
|
|
Batting: RHB Jerry Aubin
|
0-0: Called Strike 0-1: Swinging Strike 0-2: Ball 1-2: Ball 2-2: Ground out 1-3 (Groundball, P, EV 85.0 MPH)
|
| Bottom of the 8th over - 0 runs, 0 hits, 0 errors, 0 left on base; Winter Haven 2 - Dunedin 6 |
| TOP OF THE 9TH |
|
Winter Haven Sun Sox batting - Pitching for Dunedin Blue Jays : LHP Keith Pecka
|
|
Pitching: LHP Tom P Gorman
|
|
|
Batting: RHB Ronald Carapezzi
|
0-0: Ball 1-0: Foul Ball, location: 2F 1-1: Ball 2-1: Foul Ball, location: 2F 2-2: Ball 3-2: Ground out 6-3 (Groundball, 6, EV 90.0 MPH)
|
|
Batting: RHB Dave Hoeksema
|
0-0: Fly out, F6 (Popup, P, EV 83.1 MPH)
|
|
Batting: RHB Glen Stacheit
|
0-0: Ball 1-0: Fly out, F7 (Flyball, 78M, EV 86.9 MPH)
|
| Top of the 9th over - 0 runs, 0 hits, 0 errors, 0 left on base; Winter Haven 2 - Dunedin 6 |
|